 Dungeon Crawl Stone Soup version 0.26.1-11-gd32895ea62 (webtiles) character file.

Game seed: 13569348267218314976

39 Zeld the Sneak (level 3, 0/24 HPs)
             Began as an Octopode Brigand on May 13, 2021.
             Slain by a bat (1 damage)
             ... on level 3 of the Dungeon.
             The game lasted 00:01:13 (1668 turns).

Zeld the Sneak (Octopode Brigand)                   Turns: 1668, Time: 00:01:13

Health: 0/24       AC:  1    Str: 11    XL:     3   Next: 45%
Magic:  3/3        EV: 13    Int: 13    God:
Gold:   28         SH:  0    Dex: 13    Spells: 2/2 levels left

rFire    . . .     SeeInvis .   a - +2 dagger
rCold    . . .     Faith    .   (no shield)
rNeg     . . .     Spirit   .   (helmet restricted)
rPois    .         Reflect  .   (no amulet)
rElec    .         Harm     .   (no ring)
rCorr    .         Rampage  .   (no ring)
Will     .....                  (no ring)
Stlth    ++++......             (no ring)
HPRegen  0.08/turn              (no ring)
MPRegen  0.08/turn              (no ring)
                                (no ring)
                                (no ring)

@: no status effects
A: almost no armour, stealthy swim, amphibious, 8 rings, constrict 8, camouflage
1, gelatinous body 1
a: no special abilities


You were on level 3 of the Dungeon.
You visited 1 branch of the dungeon, and saw 3 of its levels.

You collected 28 gold pieces.

Inventory:

Hand Weapons
 a - a +2 dagger (weapon)
Missiles
 b - 26 poisoned darts (quivered)
 c - 2 curare-tipped darts
Jewellery
 g - a +4 ring of evasion {unknown}
Scrolls
 d - a scroll of enchant armour {unknown}
 e - 2 scrolls of random uselessness {unknown}
 f - a scroll of identify {unknown}
Potions
 h - a potion of haste {unknown}
 i - a potion of cancellation {unknown}


   Skills:
 - Level 2.0 Fighting
 - Level 2.0 Short Blades
 * Level 3.7 Throwing
 - Level 1.0 Dodging
 - Level 5.3 Stealth


You had 2 spell levels left.
You didn't know any spells.
Your spell library was empty.

Dungeon Overview and Level Annotations

Branches:
Dungeon (2/15)

Altars:


Innate Abilities, Weirdness & Mutations

You cannot wear most types of armour.
You are very stealthy in the water. (Stealth+)
You are amphibious.
You can wear up to eight rings at the same time.
You can use your tentacles to constrict eight enemies at once.
Your skin changes colour to match your surroundings (Stealth+).
Your rubbery body absorbs attacks. (AC +1, EV +1)


Message History

The bat hits you.
* * * LOW HITPOINT WARNING * * *
The frilled lizard bites you.
* * * LOW HITPOINT WARNING * * *
You barely miss the frilled lizard. Your grab misses the frilled lizard.
The bat misses you. The frilled lizard bites you.
* * * LOW HITPOINT WARNING * * *
You closely miss the frilled lizard. Your grab misses the frilled lizard.
The bat completely misses you.
The frilled lizard bites you but does no damage.
You hit the frilled lizard.
You kill the frilled lizard!
The bat hits you.
* * * LOW HITPOINT WARNING * * *
You hit the goblin. Your grab misses the goblin.
Your squeeze misses the goblin.
The goblin is heavily wounded.
The bat hits you but does no damage. The bat hits you.
You die...

......#
.......
.......
.......
.......######
.......#....#
.......#.b..#
.......†g@.†#
.....########
..#


You could see a goblin and a bat.

Vanquished Creatures
  3 adders (D:3)
  4 bats (D:1)
  2 goblins (D:1)
  A hobgoblin (D:1)
  A kobold (D:2)
  3 frilled lizards
  A rat (D:1)
15 creatures vanquished.

Notes
Turn   | Place    | Note
-------+----------+-------------------------------------------
     0 | D:1      | Zeld the Octopode Brigand began the quest for the Orb.
     0 | D:1      | Reached XP level 1. HP: 14/14 MP: 1/1
  1144 | D:1      | Reached XP level 2. HP: 19/19 MP: 2/2
  1632 | D:2      | You fall into a shaft and drop 1 floor!
  1657 | D:3      | Reached XP level 3. HP: 12/24 MP: 3/3
  1666 | D:3      | HP: 1/24 [bat (1)]
  1668 | D:3      | Slain by a bat

Illustrated notes

Levels and vault maps discovered:
D:1:      dpeg_arrival_arbitrary_c, layout_basic
D:2:      layout_loops_ring, chequers_ecumenical_altar_simple_redux,
          nicolae_underground_beach
D:3:      layout_rooms, led_xom_imps

Skill      XL: |  1  2 |
---------------+-------+-----
Throwing       | 3 |  3.7
Fighting       | |  2.0
Short Blades   | |  2.0
Dodging        | |  1.0
Stealth        | |  5.3

Action                   || total
-------------------------++-------
Melee: Dagger            ||    39
       Constrict         ||     7
       Tentacles         ||     2
Throw: Dart              ||     3
 Stab: Sleeping          ||     3
Armor: Skin              ||     2
Dodge: Dodged            ||    23
